 Dungeon Crawl Stone Soup version 0.28-a0-1387-g3a22ab9bdc (webtiles) character file.

Game seed: 12008604401256549968

23062 Deminshera the Warrior (level 13, -5/119 HPs)
             Began as a Formicid Abyssal Knight on Jan 2, 2022.
             Was a Priest of Lugonu.
             Slain by a reaper (37 damage)
             ... in an ice cave.
             The game lasted 00:25:12 (21611 turns).

Deminshera the Warrior (Formicid Abyssal Knight)   Turns: 21611, Time: 00:25:13

Health: -5/119     AC:  9    Str: 29    XL:     13   Next: 32%
Magic:  1/19       EV: 12    Int: 10    God:    Lugonu [***...]
Gold:   725        SH: 11    Dex: 11    Spells: 12/12 levels left

rFire   . . .      SeeInvis +   G - +3 halberd (freeze)
rCold   + + .      Faith    +   k - +1 kite shield {reflect}
rNeg    . . .      Spirit   .   I - +0 troll leather armour
rPois   +          Reflect  +   (helmet unavailable)
rElec   .          Harm     .   J - +0 cloak
rCorr   .          Rampage  .   h - +0 pair of gloves
Will    +....                   B - +1 pair of boots
Stlth   +.........              K - amulet "Miuplan" {Faith rPois rC++}
HPRegen 1.09/turn               r - ring of poison resistance
MPRegen 0.16/turn               p - +6 ring of strength

@: mighty, studying Fighting
A: permanent stasis, dig shafts and tunnels, antennae 3, four strong arms
a: Dig, Renounce Religion, Depart the Abyss, Bend Space, Banish


You were in an ice cave.
You worshipped Lugonu.
Lugonu was most pleased with you.
You visited 2 branches of the dungeon, and saw 12 of its levels.
You visited the Abyss 1 time.
You also visited: Gauntlet and Ice Cave.

You collected 725 gold pieces.

Inventory:

Hand Weapons
 A - a +1 quarterstaff
 D - a +4 morningstar of freezing
 G - a +3 halberd of freezing (weapon)
Armour
 h - a +0 pair of gloves (worn)
 k - a +1 kite shield of reflection (worn)
 n - a +1 pair of gloves
 B - a +1 pair of boots (worn)
 I - a +0 troll leather armour (worn)
 J - a +0 cloak (worn)
Jewellery
 b - a ring of fire
 f - a +6 ring of dexterity
 p - a +6 ring of strength (right hand)
 r - a ring of poison resistance (left hand)
 F - a +6 ring of intelligence
 K - the amulet "Miuplan" (around neck) {Faith rPois rC++}
   (You found it in a Gauntlet)

   [amulet of faith]

   It allows you to gain divine favour quickly.
   rC:        It greatly protects you from cold.
   rPois:     It protects you from poison.
Wands
 a - a wand of mindburst (6)
 s - a wand of charming (1)
 u - a wand of digging (16)
 y - a wand of flame (25)
 C - a wand of paralysis (15)
 E - a wand of acid (10)
 H - a wand of iceblast (4)
Scrolls
 d - 2 scrolls of fog
 i - a scroll of amnesia
 j - 2 scrolls of immolation
 l - a scroll of summoning
 o - 4 scrolls of fear
 v - 3 scrolls of enchant weapon
 x - a scroll of teleportation
 M - a scroll of torment
Potions
 c - a potion of might
 e - a potion of haste
 g - a potion of heal wounds
 m - 3 potions of magic
 q - 2 potions of lignification
 t - a potion of flight
 w - 5 potions of curing
 z - a potion of ambrosia
 L - a potion of resistance
 N - a potion of berserk rage


   Skills:
 + Level 16.3 Fighting
 - Level 4.0(9.5) Polearms
 + Level 13.3(13.5) Staves
 - Level 5.0 Armour
 - Level 3.0 Dodging
 + Level 8.3 Shields
 - Level 8.0 Invocations


You had 12 spell levels left.
You didn't know any spells.
Your spell library contained the following spells:

 Spells                   Type           Power      Damage    Failure   Level
 Beastly Appendage        Tmut           0%         N/A       43%         1
 Corpse Rot               Necr/Air       0%         N/A       58%         2
 Poisonous Vapours        Pois/Air       0%         N/A       58%         2
 Wereblood                Tmut           0%         N/A       58%         2
 Spider Form              Tmut/Pois      0%         N/A       82%         3
 Summon Lightning Spire   Summ/Air       0%         N/A       99%         4
 Summon Forest            Summ/Tloc      0%         N/A       100%        5
 Summon Mana Viper        Hex/Summ       0%         N/A       100%        5
 Summon Cactus Giant      Summ           0%         N/A       100%        6
 Storm Form               Tmut/Air       0%         N/A       100%        7
 Maxwell's Capacitive Co  Air            0%         ∞         100%        8


Dungeon Overview and Level Annotations

Branches:
Dungeon (11/15)            Temple (0/1) D:4            Lair (1/6) D:11
    Orc (0/2) D:11          IceCv (1/1)             Gauntlet (visited)

Altars:
Ashenzari
Cheibriados
Dithmenos
Fedhas
Gozag
Hepliaklqana
Kikubaaqudgha
Makhleb
Qazlal
Sif Muna
Xom
Yredelemnul
Zin

Shops:
D:7 =

Portals:
Trove: D:10 (give +3 storm dragon scales)

Annotations:
Abyss:1 Gastronok


Innate Abilities, Weirdness & Mutations

You cannot be hasted, slowed, berserked, paralysed or teleported.
You can dig through walls and to a lower floor.
You have a pair of large antennae on your head. (SInv)
Your four strong arms can wield two-handed weapons with a shield.


Message History

Unknown command.
Press: ? - help, Shift-Dir - straight line, f - reaper
Aim: a reaper, wielding a +0 scythe of freezing (chance to affect: 21%)
The reaper resists with almost no effort.
You can no longer corrupt the fabric of space.
The reaper hits you from afar with a +0 scythe of freezing!
Press: ? - help, Shift-Dir - straight line, f/p - reaper
Aim: a reaper, wielding a +0 scythe of freezing (chance to affect: 21%)
The reaper resists with almost no effort.
You block the reaper's attack.
Press: ? - help, Shift-Dir - straight line, f/p - reaper
Aim: a reaper, wielding a +0 scythe of freezing (chance to affect: 21%)
The reaper resists with almost no effort.
The reaper hits you from afar with a +0 scythe of freezing!
The reaper freezes you.
Press: ? - help, Shift-Dir - straight line, f/p - reaper
Aim: a reaper, wielding a +0 scythe of freezing (chance to affect: 21%)
The reaper resists with almost no effort.
The reaper shouts, "You must die NOW!"
The reaper hits you from afar with a +0 scythe of freezing!!
* * * LOW HITPOINT WARNING * * *
The reaper freezes you.
* * * LOW HITPOINT WARNING * * *
You don't have enough magic at the moment.
The reaper hits you from afar with a +0 scythe of freezing!
* * * LOW HITPOINT WARNING * * *
The reaper freezes you.
* * * LOW HITPOINT WARNING * * *
You feel much better. You block the reaper's attack.
Press: ? - help, Shift-Dir - straight line, f/p - reaper
Aim: a reaper, wielding a +0 scythe of freezing (chance to affect: 21%)
The reaper resists with almost no effort.
The reaper hits you from afar with a +0 scythe of freezing!
* * * LOW HITPOINT WARNING * * *
The reaper freezes you.
* * * LOW HITPOINT WARNING * * *
You don't have enough magic at the moment.
You block the reaper's attack.
The reaper hits you from afar with a +0 scythe of freezing!!!
You die...

###..# #... #..## #.
##..## ###..#
############≈≈.##
###...##≈≈≈#≈≈####
##.{##.2≈#≈≈≈≈##
#.Z#####.≈≈#≈#≈# #
########..#...@#####≈#
{##{.{##...#..#.....####
.{{##ZZ.#########.⌠.#
######### #.[.# #####


You could see a reaper.

Vanquished Creatures
  A centaur warrior (D:11)
  3 two-headed ogres (D:11)
  A death scarab (Gauntlet)
  A tengu warrior (D:9)
  A sixfirhy (Gauntlet)
  Joseph (D:8)
  A black mamba (Lair:1)
  An ice statue (IceCv)
  An unseen horror (D:11)
  An entropy weaver simulacrum (IceCv)
  An ice devil (IceCv)
  A hornet (D:7)
  3 trolls
  Prince Ribbit (D:7)
  A spectral black mamba (Gauntlet)
  The ghost of Stonecrops the Skirmisher, an amateur VSFi (D:4)
  A dire elephant simulacrum (IceCv)
  7 shadows
  A spriggan (D:8)
  A wraith (D:11)
  20 yaks
  A human (D:11)
  2 hogs (D:11)
  3 steam dragons
  2 wargs (D:11)
  A harpy simulacrum (IceCv)
  2 water moccasins
  A sky beast (D:7)
  2 black bears
  A hornet zombie (D:6)
  A necrophage (D:7)
  An orc warrior (D:11)
  4 ogres
  7 centaurs
  2 kobold brigands
  A gnoll sergeant (D:7)
  A two-headed ogre simulacrum (IceCv)
  3 bullfrogs (D:7)
  4 cane toad simulacra (IceCv)
  3 scorpions
  2 wyvern skeletons (D:7)
  2 water moccasin skeletons (D:4)
  11 killer bees
  An elephant simulacrum (IceCv)
  5 wights (D:7)
  A howler monkey (D:7)
  3 electric eels (D:10)
  3 centaur zombies
  A jelly (D:5)
  A bullfrog zombie (D:6)
  3 bullfrog skeletons
  5 orc priests
  A hound (D:6)
  A centaur skeleton (D:5)
  3 iguanas
  7 orc wizards
  4 polar bear simulacra (IceCv)
  2 troll simulacra (IceCv)
  5 spriggan simulacra (IceCv)
  A killer bee zombie (D:5)
  A wolf simulacrum (IceCv)
  2 howler monkey zombies
  A gnoll (D:1)
  2 howler monkey skeletons
  5 naga simulacra (IceCv)
  6 adders
  5 white imps
  8 ufetubi
  An adder skeleton (D:4)
  2 worms
  3 dart slugs
  13 orcs
  3 ball pythons
  10 endoplasms
  A giant cockroach (D:4)
  7 goblins
  7 hobgoblins
  3 jackals (D:5)
  A quokka (D:1)
  4 bats (D:2)
  4 frilled lizards
  12 kobolds
  3 rats (D:1)
258 creatures vanquished.

Vanquished Creatures (others)
  2 plants (D:10)
2 creatures vanquished.

Grand Total: 260 creatures vanquished

Notes
Turn   | Place    | Note
-------+----------+-------------------------------------------
     0 | Abyss:1  | Deminshera the Formicid Abyssal Knight began the quest for
                  | the Orb.
     0 | Abyss:1  | Reached XP level 1. HP: 18/18 MP: 2/2
     5 | Abyss:1  | Found a corrupted altar of Lugonu.
    20 | Abyss:1  | Noticed a wretched star
    20 | D:1      | Escaped the Abyss
    45 | D:1      | Reached skill level 1 in Dodging
    45 | D:1      | Reached XP level 2. HP: 22/24 MP: 3/3
   150 | D:1      | Reached * piety under Lugonu
   297 | D:1      | Reached XP level 3. HP: 29/29 MP: 4/4
   892 | D:2      | Found a shimmering altar of Xom.
  1326 | D:2      | Reached XP level 4. HP: 28/37 MP: 6/6
  2110 | D:3      | Found a faded altar of an unknown god.
  2515 | D:3      | Found a snail-covered altar of Cheibriados.
  2573 | D:4      | Noticed an ogre
  2573 | D:4      | Found a staircase to the Ecumenical Temple.
  2602 | D:3      | Killed an ogre
  2603 | D:3      | Reached skill level 4 in Fighting
  2603 | D:3      | Reached XP level 5. HP: 24/42 MP: 7/7
  2774 | D:3      | Reached XP level 6. HP: 17/48 MP: 8/8
  3343 | D:4      | Reached ** piety under Lugonu
  3476 | D:4      | Noticed Stonecrops's ghost (amateur VSFi)
  3496 | D:4      | Reached XP level 7. HP: 37/55 MP: 10/10
  3814 | D:4      | Reached skill level 5 in Fighting
  4020 | D:4      | Reached skill level 5 in Invocations
  4045 | D:4      | Found a runed translucent door.
  4336 | D:4      | Killed Stonecrops's ghost
  4418 | D:5      | Entered Level 5 of the Dungeon
  4529 | D:5      | Reached XP level 8. HP: 59/64 MP: 12/12
  4576 | D:5      | Reached skill level 6 in Fighting
  5663 | D:5      | Reached skill level 7 in Fighting
  5725 | D:5      | HP: 1/67 [black bear (4)]
  6387 | D:6      | Reached skill level 1 in Staves
  6613 | D:6      | Reached XP level 9. HP: 43/72 MP: 14/14
  6855 | D:6      | Found an ancient bone altar of Kikubaaqudgha.
  7525 | D:7      | Found Pitil's Jewellery Shop.
  8015 | D:7      | Reached skill level 5 in Staves
  8147 | D:7      | Noticed a troll
  8177 | D:7      | You fall into a shaft and drop 3 floors!
  8177 | D:10     | Entered Level 10 of the Dungeon
  8619 | D:10     | Noticed a two-headed ogre
  8659 | D:10     | Found a blossoming altar of Fedhas.
  8843 | D:8      | Noticed Joseph
  8886 | D:8      | Reached *** piety under Lugonu
  9064 | D:7      | Found a glowing silver altar of Zin.
  9066 | D:7      | Found a broken altar of Ashenzari.
  9067 | D:7      | Found a hazy altar of Hepliaklqana.
  9068 | D:7      | Found a shimmering blue altar of Sif Muna.
  9072 | D:7      | Noticed a cyclops
  9072 | D:7      | Noticed a troll
  9073 | D:7      | Noticed a troll
  9073 | D:7      | Noticed a cyan ugly thing
  9087 | D:7      | Banished a troll
  9128 | D:7      | Killed a troll
  9246 | D:7      | Reached XP level 10. HP: 55/79 MP: 15/15
  9539 | D:7      | Banished a cyclops
  9640 | D:7      | Reached skill level 8 in Fighting
  9688 | D:7      | Banished a cyan ugly thing
  9696 | D:7      | Reached skill level 9 in Fighting
 10130 | D:7      | HP: 3/75 [wight (4)]
 10131 | D:7      | HP: 1/74 [wight (1)]
 10735 | D:7      | Found a shimmering blue altar of Sif Muna.
 10740 | D:7      | Found a shadowy altar of Dithmenos.
 10748 | D:7      | Found a burning altar of Makhleb.
 10753 | D:7      | Found an opulent altar of Gozag.
 10764 | D:7      | Found a basalt altar of Yredelemnul.
 10772 | D:7      | Found a stormy altar of Qazlal.
 10777 | D:7      | Found a shimmering altar of Xom.
 10847 | D:7      | Reached skill level 10 in Fighting
 11656 | D:8      | Noticed Gastronok
 11849 | D:7      | Reached XP level 11. HP: 12/90 MP: 12/16
 12192 | D:8      | Noticed Prince Ribbit
 12200 | D:7      | Reached skill level 5 in Armour
 12328 | D:7      | Killed Prince Ribbit
 12574 | D:8      | Killed Joseph
 12575 | D:8      | Reached skill level 10 in Staves
 12882 | D:8      | Banished Gastronok
 12883 | D:8      | Reached skill level 11 in Fighting
 13563 | D:8      | Identified a scroll of acquirement
 13563 | D:8      | Acquired a manual of Fighting
 14224 | D:7      | Reached skill level 12 in Fighting
 15475 | D:9      | Noticed a tengu warrior
 15487 | D:9      | Killed a tengu warrior
 17068 | D:10     | Reached skill level 1 in Shields
 17360 | D:10     | Banished a two-headed ogre
 17361 | D:10     | Reached skill level 13 in Fighting
 17361 | D:10     | Reached XP level 12. HP: 42/105 MP: 13/18
 17861 | D:10     | Found a portal to a secret trove of treasure.
 18555 | D:11     | Found a staircase to the Lair.
 18591 | D:11     | Noticed a boulder beetle
 18594 | D:11     | Banished a boulder beetle
 18629 | D:11     | Found a staircase to the Orcish Mines.
 18773 | D:11     | Noticed an eight-headed hydra
 18779 | D:11     | Banished a ten-headed hydra
 18780 | D:11     | Reached skill level 14 in Fighting
 18905 | D:10     | Noticed a two-headed ogre
 18912 | D:10     | Banished a two-headed ogre
 18913 | D:10     | Reached skill level 5 in Shields
 19270 | D:11     | Noticed a two-headed ogre
 19278 | D:11     | Killed a two-headed ogre
 19323 | D:11     | Noticed a two-headed ogre
 19331 | D:11     | Killed a two-headed ogre
 19537 | D:11     | Noticed a centaur warrior
 19545 | D:11     | Killed a centaur warrior
 19546 | D:11     | Reached skill level 15 in Fighting
 19930 | D:11     | Noticed a two-headed ogre
 19940 | D:11     | Killed a two-headed ogre
 20210 | Lair:1   | Entered Level 1 of the Lair of Beasts
 20261 | Lair:1   | Found a gate leading to a gauntlet.
 20271 | Gauntlet | Entered a Gauntlet
 20271 | Gauntlet | Found a transporter.
 20271 | Gauntlet | Found a transporter.
 20272 | Gauntlet | Noticed a sixfirhy
 20275 | Gauntlet | Found a transporter.
 20276 | Gauntlet | Found a transporter.
 20279 | Gauntlet | Found a transporter.
 20279 | Gauntlet | Found a transporter.
 20282 | Gauntlet | Noticed a death scarab
 20319 | Gauntlet | Found a transporter.
 20323 | Gauntlet | Found a transporter.
 20340 | Gauntlet | Found a transporter.
 20354 | Gauntlet | Found a transporter.
 20369 | Gauntlet | Found a transporter.
 20373 | Gauntlet | Found a transporter.
 20375 | Gauntlet | Found a runed translucent gate.
 20375 | Gauntlet | Found a runed translucent gate.
 20375 | Gauntlet | Found a runed translucent gate.
 20437 | Gauntlet | HP: 4/110 [ufetubus (4)]
 20440 | Gauntlet | Killed a sixfirhy
 20441 | Gauntlet | Reached XP level 13. HP: 37/116 MP: 19/19
 20447 | Gauntlet | Identified the amulet "Miuplan" {Faith rPois rC++}
 20614 | Gauntlet | Identified the +0 pair of gloves of Eternal Night {*Slow
                  | +Inv Will- Dex+9}
 20729 | Gauntlet | Noticed a minotaur
 20732 | Gauntlet | Banished a minotaur
 20753 | Lair:1   | Found a frozen archway.
 20765 | IceCv    | Entered an ice cave
 20801 | IceCv    | Reached skill level 16 in Fighting
 21299 | IceCv    | Reached **** piety under Lugonu
 21574 | IceCv    | Noticed a reaper
 21611 | IceCv    | Slain by a reaper

Illustrated notes

Levels and vault maps discovered:
D:1:      dpeg_arrival_pond, layout_basic
D:2:      layout_loops_cross, basic_altar, chequers_serial_rivers_small_a
D:3:      layout_rooms, kennysheep_slug_shrine,
          shapermc_ecumenical_altar_mp_urbaneastern
D:4:      layout_loops_cross, minmay_temple_entry_arrows,
          hellmonk_ghost_happy_afterlife, grunt_ministairs_10,
          kennysheep_small_circle
D:5:      layout_cave_pods, nicolae_elevator_lobby_asterisk
D:6:      layout_cave_pods, mainiacjoe_overflow_surrounded_room
D:7:      minmay_the_grid_octo_triangle [minmay_the_grid_octo_shrine,
          minmay_the_grid_octo_prize_big_c, minmay_the_grid_octo_horde],
          layout_basic, grunt_temple_overflow_octagram, serial_shops,
          nicolae_shop_statue_plus, corexii_hall_statues_u
D:8:      layout_gridville, the_hattery, uniq_joseph, uniq_gastronok,
          uniq_prince_ribbit1
D:9:      layout_layer_cave
D:10:     layout_basic, fedhas_altar_1, nicolae_trove_entry_isolated
D:11:     layout_basic, erik_lair_orcish_takeover, grunt_livestock
Lair:1:   layout_misc_corridors, portal_ice_cave_rime, gauntlet_entry_generic,
          enter_volcano_2
IceCv:    ice_cave_caverns_03

Skill      XL: |  1  2  3  4  5  6  7  8  9 10 11 12 13 |
---------------+----------------------------------------+-----
Dodging        | 1 2 3 |  3.0
Invocations    | 3 4 5 7 8 |  8.0
Fighting       | 4 5 7 10 13 15 16 | 16.3
Polearms       | 3 4 |  4.0
Armour         | 3 4 5 |  5.0
Staves         | 3 8 9 11 12 13 | 13.3
Shields        | 2 6 8 |  8.3

Action                   |  1- 3 |  4- 6 |  7- 9 | 10-12 | 13-15 || total
-------------------------+-------+-------+-------+-------+-------++-------
Melee: Spear             |    87 |   180 |   188 |       |       ||   455
       Quarterstaff      |       |       |   154 |    67 |       ||   221
       Morningstar       |       |       |       |   187 |       ||   187
       Halberd           |       |       |       |   131 |   144 ||   275
Throw: Throwing net      |       |     1 |       |       |       ||     1
Invok: Depart the Abyss  |     1 |       |       |       |       ||     1
       Bend Space        |       |       |     3 |     5 |       ||     8
       Banish            |       |       |     1 |    11 |     7 ||    19
 Abil: Shaft Self        |       |       |     1 |       |       ||     1
Evoke: Wand              |       |       |       |     5 |       ||     5
  Use: Potion            |       |       |     5 |     2 |     3 ||    10
       Scroll            |       |       |       |    19 |     5 ||    24
 Stab: Sleeping          |     1 |       |       |       |       ||     1
       Distracted        |       |     1 |       |       |       ||     1
Armor: Leather armour    |    11 |    11 |       |       |       ||    22
       Chain mail        |       |    38 |   163 |   176 |       ||   377
       Skin              |       |       |    18 |       |       ||    18
       Steam dragon scal |       |       |       |    32 |       ||    32
       Troll leather arm |       |       |       |    41 |    35 ||    76
Dodge: Dodged            |    33 |    99 |   164 |   290 |    67 ||   653
Block: Kite shield       |       |       |       |    97 |    78 ||   175
       Reflection        |       |       |       |     3 |     2 ||     5

Table legend: (Time is in decaauts)
 A = Elapsed time spent in this place.
 B = Non-inter-level travel time spent in this place.
 C = Inter-level travel time spent in this place.
 D = Time resting spent in this place.
 E = Time spent auto-exploring this place.
 F = Levels seen in this place.
 G = Mean time per level.
                   A        B        C        D        E       F      G
               +--------+--------+--------+--------+--------+-----+--------+
         Total |  21704 |  20875 |    829 |   8783 |   8907 |  15 | 1446.9 |
       Dungeon |  20260 |  19431 |    829 |   8297 |   8619 |  11 | 1841.8 |
          Lair |     82 |     82 |      0 |      0 |      0 |   1 |   82.0 |
         Abyss |     20 |     20 |      0 |      0 |     18 |   1 |   20.0 |
      Ice Cave |    859 |    859 |      0 |    425 |    224 |   1 |  859.0 |
      Gauntlet |    481 |    481 |      0 |     61 |     46 |   1 |  481.0 |
               +--------+--------+--------+--------+--------+-----+--------+

Top non-repeatable levels by time:
     D:7: 5008 daAuts
    D:10: 2671 daAuts
     D:9: 2026 daAuts
     D:5: 1882 daAuts
     D:8: 1546 daAuts
    D:11: 1520 daAuts
     D:3: 1361 daAuts
     D:4: 1220 daAuts
     D:6: 1219 daAuts
     D:2: 1019 daAuts
   IceCv: 859 daAuts
     D:1: 784 daAuts
Gauntlet: 481 daAuts
  Lair:1: 82 daAuts
 Abyss:1: 20 daAuts
